 Dungeon Crawl Stone Soup version 0.17.0-18-gaab0e96 (console) character file.

113 gw the Grasshopper (level 4, 0/36 HPs)
             Began as a Demigod Warper on Nov 11, 2015.
             Slain by a black bear (4 damage)
             ... on level 3 of the Dungeon.
             The game lasted 00:03:00 (3501 turns).

gw the Grasshopper (Demigod Warper)                 Turns: 3501, Time: 00:03:00

Health: 0/36       AC:  3    Str: 14    XL:     4   Next: 39%
Magic:  1/10       EV: 12    Int: 19    God:
Gold:   53         SH:  0    Dex: 15    Spells: 4 memorised, 0 levels left

rFire  . . .     SeeInvis .     a - +0 spear
rCold  . . .     Clarity  .     b - +0 leather armour
rNeg   . . .     SustAt   +     (no shield)
rPois  .         Gourm    .     (no helmet)
rElec  .         Spirit   .     (no cloak)
rCorr  .         Warding  .     (no gloves)
rMut   .         Stasis   .     (no boots)
MR     .....                    (no amulet)
Stlth  +.........               (no ring)
                                (no ring)

@: not resistant to hostile enchantments, very unstealthy
A: high mp 1, sustain attributes
a: no special abilities


You were on level 3 of the Dungeon.
You were not hungry.

You visited 1 branch of the dungeon, and saw 3 of its levels.

You collected 53 gold pieces.

Inventory:

Hand Weapons
 a - a +0 spear (weapon)
Missiles
 e - 3 tomahawks (quivered)
 g - 82 stones
 h - 13 poisoned needles
Armour
 b - a +0 leather armour (worn)
Scrolls
 d - a scroll of blinking
Books
 c - a book of Spatial Translocations

   Spells                             Type                      Level
   a - Apportation                    Translocation                1
   b - Blink                          Translocation                2
   c - Shroud of Golubria             Charms/Translocation         2
   d - Portal Projectile              Translocation                3
   e - Teleport Other                 Translocation                3
   f - Passage of Golubria            Translocation                4
Comestibles
 f - 2 bread rations


   Skills:
 + Level 2.2 Fighting
 + Level 2.3 Polearms
 + Level 1.3 Throwing
 + Level 1.7 Armour
 - Level 1.7 Dodging
 * Level 2.5 Spellcasting
 + Level 3.2 Translocations


You couldn't memorise any spells.
You knew the following spells:

 Your Spells              Type           Power        Failure   Level  Hunger
a - Apportation           Tloc           ##........   8%          1    #......
b - Blink                 Tloc           N/A          10%         2    ##.....
c - Shroud of Golubria    Chrm/Tloc      #.........   17%         2    ##.....
d - Portal Projectile     Tloc           ##....       17%         3    ###....


Dungeon Overview and Level Annotations

Branches:
Dungeon (3/15)


Innate Abilities, Weirdness & Mutations

You have an increased reservoir of magic (+10% MP).
Your attributes are resistant to harm.


Message History

The black bear closely misses you. The black bear claws you.
The black bear barely misses you.
Unknown command.
Unknown command.
Unknown command.
Unknown command.
ATTACKING (-1,0)
You hit the black bear but do no damage.
The black bear is lightly wounded.
The black bear closely misses you. The black bear misses you.
The black bear claws you.
Unknown command.
Unknown command.
Unknown command.
Unknown command.
ATTACKING (-1,0)
You completely miss the black bear.
The black bear is lightly wounded.
The black bear bites you.
You die...

## .. #s #$ #.
#.#### #.shp#
#.##.#
#.##.###
#......#
###).###.####
..... #....#
.###..###.##.#
..........##.#
######.####.#


You could see a black bear and a giant cockroach.

Table legend:
 A = Turns spent in this place as a percentage of turns spent in the entire game.
 B = Non-inter-level travel turns spent in this place as a percentage of non-inter-level travel turns spent in the entire game.
 C = Inter-level travel turns spent in this place as a percentage of turns spent in this place.
 D = Turns resting spent in this place as a percentage of non-inter-level travel turns spent in this place.
 E = Turns spent auto-exploring this place as a percentage of non-inter-level travel turns spent in this place.
 F = Non-inter-level travel turns spent in this place divided by the number of levels of this place that you've seen.
                   A       B       C       D       E      F
               +-------+-------+-------+-------+-------+----------------------
         Total | 100.0 | 100.0 |   0.6 |   1.9 |   2.1 | 1436.0
       Dungeon | 100.0 | 100.0 |   0.6 |   1.9 |   2.1 | 1436.0
               +-------+-------+-------+-------+-------+----------------------

Table legend:
 A = Kills in this place as a percentage of kills in entire the game.
 B = Kills by you in this place as a percentage of kills by you in the entire game.
 C = Kills by friends in this place as a percentage of kills by friends in the entire game.
 D = Other kills in this place as a percentage of other kills in the entire game.
 E = Experience gained in this place as a percentage of experience gained in the entire game.
 F = Experience gained in this place divided by the number of levels of this place that you have seen.
                   A       B       C       D       E      F
               +-------+-------+-------+-------+-------+----------------------
         Total | 100.0 | 100.0 |  -nan |  -nan | 100.0 |  54.0
       Dungeon | 100.0 | 100.0 |  -nan |  -nan | 100.0 |  54.0
               +-------+-------+-------+-------+-------+----------------------

Vanquished Creatures
  4 adders
  An ooze (D:2)
  2 worms
  2 giant geckos
  6 orcs
  3 ball pythons (D:2)
  5 giant cockroaches
  6 goblins
  5 hobgoblins
  3 jackals (D:2)
  9 bats
  A giant newt (D:1)
  7 kobolds
  7 rats
61 creatures vanquished.

Notes
Turn   | Place    | Note
--------------------------------------------------------------
     0 | D:1      | gw the Demigod Warper began the quest for the Orb.
     0 | D:1      | Reached XP level 1. HP: 17/17 MP: 5/5
   205 | D:1      | Reached skill level 1 in Armour
   445 | D:1      | Reached XP level 2. HP: 24/24 MP: 7/7
   449 | D:1      | Learned a level 2 spell: Blink
   465 | D:1      | Found a glowing golden altar of the Shining One.
   532 | D:1      | Learned a level 2 spell: Shroud of Golubria
   596 | D:1      | Reached skill level 1 in Throwing
   813 | D:1      | Reached skill level 3 in Translocations
  1393 | D:2      | Reached XP level 3. HP: 29/29 MP: 5/8
  1917 | D:2      | Found a faded altar to an unknown god.
  2546 | D:2      | Reached XP level 4. HP: 29/36 MP: 10/10
  3380 | D:3      | Learned a level 3 spell: Portal Projectile
  3473 | D:3      | Noticed a black bear
  3501 | D:3      | Slain by a black bear

Action                   |  1- 3 |  4- 6 || total
-------------------------+-------+-------++-------
Melee: Spear             |   182 |    59 ||   241
Throw: Stone             |    40 |     8 ||    48
       Tomahawk          |    21 |    14 ||    35
 Cast: Shroud of Golubri |    25 |    11 ||    36
       Portal Projectile |       |     2 ||     2
  Eat: Chunk             |     7 |     4 ||    11

Vault maps used:
D:1:      lemuel_arrival_room, tso_altar
D:2:      first_bread, ecumenical_altar_1, kennysheep_generic_room_7
D:3:      nicolae_overflow_hidden_temple, overflow_temple_1_default,
          makhleb_grotto_becter
